 Dungeon Sprint DCSS version 0.21.1-1-g345015f (webtiles) character file.

9100000 Fang the Axe Maniac (level 27, -6/273 HPs)
             Began as a Minotaur Gladiator on May 8, 2018.
             Was the Champion of Makhleb.
             Mangled by a meat berserker
             ... wielding a +9 battleaxe
              (60 damage)
             ... in the Dungeon (Sprint VIII: "Arena of Blood").
             The game lasted 00:01:19 (91 turns).

Fang the Axe Maniac (Minotaur Gladiator)              Turns: 91, Time: 00:01:20

Health: -6/273     AC:  6    Str: 30    XL:     27
Magic:  32/53      EV: 31    Int:  5    God:    Makhleb [******]
Gold:   0          SH:  0    Dex: 14    Spells: 80/80 levels left

rFire    . . .     SeeInvis .   l - +∞ Axe of Woe
rCold    . . .     Gourm    .   (shield currently unavailable)
rNeg     . . .     Faith    .   b - +0 leather armour
rPois    .         Spirit   .   c - +0 hat
rElec    .         Reflect  .   (no cloak)
rCorr    .         Harm     .   (no gloves)
MR       ++...     NoTele   +   (no boots)
Stlth    +++++++++.             (no amulet)
HPRegen  0.55/turn              (no ring)
MPRegen  0.33/turn              (no ring)

@: no status effects
A: retaliatory headbutt, horns 2
a: Minor Destruction, Lesser Servant of Makhleb, Major Destruction, Greater
Servant of Makhleb, Renounce Religion


You were in the Dungeon.
You worshipped Makhleb.
Makhleb was exalted by your worship.
You were not hungry.

You visited 1 branch

Inventory:

Hand Weapons
 a - a +0 war axe
 l - the +∞ Axe of Woe (weapon)
   (You found it in the Dungeon)
Missiles
 d - 3 throwing nets (quivered)
Armour
 b - a +0 leather armour (worn)
 c - a +0 hat (worn)
Scrolls
 k - a scroll of blinking
Potions
 e - a potion of curing
 g - a potion of heal wounds
 h - a potion of haste
 i - 2 potions of magic
 j - a potion of berserk rage
Comestibles
 f - a ration


   Skills:
 O Level 27 Fighting
 O Level 27 Axes
 O Level 27 Throwing
 O Level 27 Armour
 O Level 27 Dodging
 O Level 27 Stealth
 O Level 27 Unarmed Combat
 O Level 27 Spellcasting
 O Level 27 Invocations


You had 80 spell levels left.
You didn't know any spells.

Dungeon Overview and Level Annotations

Branches:
Dungeon (1/1)

Altars:
Makhleb


Innate Abilities, Weirdness & Mutations

You reflexively headbutt those who attack you in melee.
You have a pair of horns on your head.


Message History

The sphere of damnation explodes!
The damnation engulfs you!
You hear a shout! x9
A dread comes into view.
You hear a shout! x7
The meat berserker rages.
You hear a shout! x2
The large bag of meat hits you with a +9 giant spiked club!!!! x2
* * * LOW HITPOINT WARNING * * *
You hear a shout! x2
An orc and a hell beast come into view.
Items here: )))) ==== †††† You are too injured to fight recklessly!
Unknown command.
Unknown command.
You are too injured to fight recklessly!
Unknown command.
You are too injured to fight recklessly!
You hear a shout! x3
The meat berserker hits you with a +9 battleaxe!!!
You die...

..... .D #... ..# .
#.o. ...# ....
..###... ...###.o..
......###.........
.....§._).........
. #)))..#.......
... #_)<)_#.M..V..
.....#O@)O.#......#
..2....)_))))......
..W....###)))......
..###..%§§))###....
. #%.%...%# ...
#.......# .
......%...
........%.%
...........


You could see a meat beast, a large bag of meat (inner flame), a dread, a meat
berserker (berserk) and a bag of meat.

Vanquished Creatures
  2 hell beasts (D)
  A greater mummy (D)
  2 wraiths (D)
  13 vampire knights (D)
  21 ogres (D)
  5 two-headed ogres (D)
  A lich (D)
  A hydra (D)
  48 orcs (D)
  4 skeletal warriors (D)
  4 large abominations (D)
  4 small abominations (D)
  5 crawling corpses (D)
111 creatures vanquished.

Vanquished Creatures (others)
  3 crawling corpses (D)
3 creatures vanquished.

Grand Total: 114 creatures vanquished

Notes
Turn   | Place    | Note
-------+----------+-------------------------------------------
     0 | D        | Found the +∞ Axe of Woe
     0 | D        | Fang the Minotaur Gladiator began the quest for the Orb.
     0 | D        | Reached XP level 1. HP: 18/18 MP: 0/0
     4 | D        | Became a worshipper of Makhleb the Destroyer
     7 | D        | Noticed a bag of meat
     8 | D        | Noticed a bag of meat
    10 | D        | Noticed a bag of meat
    11 | D        | Killed a bag of meat
    11 | D        | Reached XP level 2. HP: 41/41 MP: 1/1
    11 | D        | Reached XP level 3. HP: 48/48 MP: 2/2
    11 | D        | Reached XP level 4. HP: 56/56 MP: 3/3
    11 | D        | Reached XP level 5. HP: 62/62 MP: 4/4
    11 | D        | Reached XP level 6. HP: 70/70 MP: 5/5
    11 | D        | Reached XP level 7. HP: 77/77 MP: 6/6
    11 | D        | Reached XP level 8. HP: 83/83 MP: 7/7
    11 | D        | Reached XP level 9. HP: 90/90 MP: 8/8
    11 | D        | Reached XP level 10. HP: 97/97 MP: 9/9
    11 | D        | Reached XP level 11. HP: 104/104 MP: 10/10
    13 | D        | Killed a bag of meat
    13 | D        | Reached * piety under Makhleb
    13 | D        | Reached XP level 12. HP: 96/116 MP: 11/11
    14 | D        | Killed a bag of meat
    14 | D        | Reached skill level 15 in Fighting
    14 | D        | Reached XP level 13. HP: 106/127 MP: 12/12
    16 | D        | Noticed a bag of meat
    17 | D        | Noticed a bag of meat
    17 | D        | Killed a bag of meat
    17 | D        | Reached skill level 27 in Axes
    17 | D        | Reached XP level 14. HP: 116/138 MP: 13/13
    19 | D        | Noticed a meat berserker
    19 | D        | Noticed a meat berserker
    20 | D        | Noticed a meat berserker
    20 | D        | Noticed a bag of meat
    20 | D        | Noticed a bag of meat
    20 | D        | Noticed a bag of meat
    20 | D        | Noticed a bag of meat
    20 | D        | Noticed a bag of meat
    21 | D        | Noticed a bag of meat
    21 | D        | Noticed a bag of meat
    21 | D        | Noticed a large bag of meat
    21 | D        | Noticed a bag of meat
    21 | D        | Noticed a bag of meat
    21 | D        | Noticed a bag of meat
    21 | D        | Killed a meat berserker
    21 | D        | Reached ** piety under Makhleb
    21 | D        | Reached skill level 27 in Dodging
    21 | D        | Reached XP level 15. HP: 132/156 MP: 14/14
    23 | D        | Noticed a meat berserker
    23 | D        | Noticed a meat berserker
    23 | D        | Noticed a destroyer
    23 | D        | Killed a meat berserker
    23 | D        | Killed a destroyer
    23 | D        | Reached skill level 27 in Fighting
    23 | D        | Reached XP level 16. HP: 117/183 MP: 15/15
    23 | D        | Reached *** piety under Makhleb
    23 | D        | Reached skill level 27 in Throwing
    23 | D        | Reached XP level 17. HP: 122/191 MP: 16/16
    24 | D        | Killed a meat berserker
    24 | D        | Reached skill level 10 in Stealth
    25 | D        | Noticed a meat berserker
    25 | D        | Noticed a large bag of meat
    26 | D        | Noticed a meat berserker
    26 | D        | Noticed a large bag of meat
    26 | D        | Reached **** piety under Makhleb
    26 | D        | Reached skill level 15 in Unarmed Combat
    26 | D        | Reached skill level 10 in Spellcasting
    26 | D        | Reached XP level 18. HP: 184/200 MP: 16/31
    26 | D        | Noticed a large bag of meat
    27 | D        | Noticed a meat berserker
    27 | D        | Noticed a meat berserker
    27 | D        | Noticed a destroyer
    27 | D        | Reached skill level 15 in Invocations
    27 | D        | Reached skill level 15 in Stealth
    27 | D        | Reached ***** piety under Makhleb
    28 | D        | Killed a meat berserker
    28 | D        | Reached XP level 19. HP: 207/207 MP: 16/36
    28 | D        | Killed a meat berserker
    29 | D        | Noticed a meat berserker
    29 | D        | Killed a large bag of meat
    29 | D        | Reached XP level 20. HP: 216/216 MP: 16/40
    29 | D        | Reached skill level 27 in Armour
    31 | D        | Reached ****** piety under Makhleb
    31 | D        | Reached skill level 27 in Unarmed Combat
    31 | D        | Killed a meat berserker
    31 | D        | Reached skill level 27 in Invocations
    31 | D        | Reached XP level 21. HP: 224/224 MP: 17/44
    31 | D        | Killed a large bag of meat
    31 | D        | Reached skill level 27 in Stealth
    32 | D        | Noticed a destroyer
    32 | D        | Reached skill level 27 in Spellcasting
    32 | D        | Reached XP level 22. HP: 233/233 MP: 17/52
    33 | D        | Noticed a destroyer
    33 | D        | Killed a large bag of meat
    34 | D        | Killed a large bag of meat
    34 | D        | Reached XP level 23. HP: 240/240 MP: 17/53
    36 | D        | Killed a destroyer
    37 | D        | Reached XP level 24. HP: 249/249 MP: 18/53
    38 | D        | Noticed a destroyer
    38 | D        | Noticed a destroyer
    39 | D        | Noticed a destroyer
    39 | D        | Noticed a destroyer
    39 | D        | Killed a destroyer
    39 | D        | Killed a destroyer
    39 | D        | Reached XP level 25. HP: 257/257 MP: 19/53
    40 | D        | Noticed a destroyer
    41 | D        | Noticed a destroyer
    43 | D        | Killed a destroyer
    43 | D        | Reached XP level 26. HP: 266/266 MP: 19/53
    44 | D        | Killed a destroyer
    45 | D        | Noticed a large bag of meat
    45 | D        | Noticed a destroyer
    45 | D        | Killed a destroyer
    45 | D        | Killed a destroyer
    45 | D        | Reached XP level 27. HP: 273/273 MP: 20/53
    46 | D        | Killed a destroyer
    48 | D        | Noticed a destroyer
    51 | D        | Noticed an accursed
    52 | D        | Noticed an accursed
    52 | D        | Killed a destroyer
    53 | D        | Killed a large bag of meat
    58 | D        | Noticed a tyrant
    61 | D        | Killed an accursed
    66 | D        | Noticed a meat beast
    68 | D        | Killed a destroyer
    71 | D        | Killed a tyrant
    72 | D        | Noticed a dread
    72 | D        | Killed a destroyer
    75 | D        | Killed a meat beast
    76 | D        | Noticed a dread
    77 | D        | Noticed a destroyer
    77 | D        | Killed a dread
    78 | D        | Noticed a meat beast
    79 | D        | Killed a dread
    81 | D        | Killed a meat beast
    83 | D        | Noticed a dread
    85 | D        | Noticed a large bag of meat
    85 | D        | HP: 13/273 [??? (10)]
    89 | D        | Killed a destroyer
    90 | D        | Noticed a dread
    91 | D        | Noticed a meat beast
    91 | D        | Mangled by a meat berserker

Skill      XL: |  1  2  3  4  5  6  7  8  9 10 11 12 13 14 15 16 17 18 19 20 21 |
---------------+----------------------------------------------------------------+-----
Fighting       | 12 13 15 16 20 27 | 27.0
Axes           | 20 23 25 27 | 27.0
Throwing       | 9 11 12 13 16 26 27 | 27.0
Dodging        | 18 21 22 24 27 | 27.0
Armour         | 16 22 25 27 | 27.0
Stealth        | 13 18 21 25 27 | 27.0
Unarmed Combat | 15 21 24 27 | 27.0
Spellcasting   | 10 14 17 20 27 | 27.0
Invocations    | 14 19 22 27 | 27.0

Action                   |  1- 3 |  4- 6 |  7- 9 | 10-12 | 13-15 | 16-18 | 19-21 | 22-24 | 25-27 || total
-------------------------+-------+-------+-------+-------+-------+-------+-------+-------+-------++-------
Melee: Executioner's axe |     1 |       |       |     2 |     3 |     4 |     4 |     7 |    37 ||    58
Dodge: Dodged            |       |       |       |       |     1 |       |       |       |     6 ||     7
